 Dungeon Crawl Stone Soup version 0.28.0-43-g3370ac3207 (webtiles) character file.

Game seed: 3154562048320403866

77730 pkoi the Eclecticist (level 15, -1/126 HPs)
             Began as a Purple Draconian Conjurer on Mar 14, 2022.
             Was a High Priest of Sif Muna.
             Killed by an exploding ball lightning (7 damage)
             ... on level 2 of the Shoals.
             The game lasted 01:13:58 (44688 turns).

pkoi the Eclecticist (Purple Draconian Conjurer)   Turns: 44688, Time: 01:13:59

Health: -1/126     AC: 19    Str: 11    XL:     15   Next: 16%
Magic:  26/36      EV: 13    Int: 31    God:    Sif Muna [*****.]
Gold:   1737       SH:  5    Dex:  9    Spells: 16/48 levels left

rFire   . . .      SeeInvis .   x - +8 trident of the Octopus King {venom, rElec rPois}
rCold   . . .      Faith    .   (no shield)
rNeg    . . .      Spirit   .   (armour unavailable)
rPois   +          Reflect  +   b - +2 hat
rElec   +          Harm     .   (no cloak)
rCorr   .          Rampage  .   s - +1 pair of gloves of Voracious Satisfaction {rPois Stlth+}
Will    ++...                   d - +1 pair of boots
Stlth   ++........              p - amulet of reflection
HPRegen 0.31/turn               A - +6 ring of intelligence
MPRegen 0.25/turn               I - +4 ring of protection

@: studying Fighting, very slow
A: breathe power, AC +9, unfitting armour, cold-blooded
a: Breathe Dispelling Energy, Renounce Religion, Channel Magic, Forget Spell,
Divine Exegesis


You were on level 2 of the Shoals.
You worshipped Sif Muna.
Sif Muna was extremely pleased with you.
You visited 4 branches of the dungeon, and saw 21 of its levels.
You also visited: Ossuary.

You collected 1737 gold pieces.

Inventory:

Hand Weapons
 x - the +8 trident of the Octopus King (weapon) {venom, rElec rPois}
   (You found it on level 8 of the Dungeon)

   It poisons the flesh of those it strikes.
   rElec:     It insulates you from electricity.
   rPois:     It protects you from poison.
 J - the +10 great sword of Kubol {drain, Contam *Noise rC+++ Dex+8}
   (You took it off an orc wizard on level 11 of the Dungeon)

   A truly terrible weapon, it drains the life of any living foe it strikes.
   Dex:       It affects your dexterity (+8).
   rC:        It renders you almost immune to cold.
   *Noise:    It may make noises in combat.
   Contam:    It causes magical contamination when unequipped.
Missiles
 C - 6 curare-tipped darts
Armour
 b - a +2 hat (worn)
 d - a +1 pair of boots (worn)
 s - the +1 pair of gloves of Voracious Satisfaction (worn) {rPois Stlth+}
   (You acquired it on level 10 of the Dungeon)

   rPois:     It protects you from poison.
   Stlth:     It makes you more stealthy.
Magical Staves
 m - a staff of conjuration
Jewellery
 p - an amulet of reflection (around neck)
 u - an amulet of guardian spirit
 A - a +6 ring of intelligence (left hand)
 G - the ring of Accord {Fire rElec Int+4}
   (You found it on level 3 of the Lair of Beasts)

   [ring of fire]

   It enhances your fire magic.
   Int:       It affects your intelligence (+4).
   rF:        It protects you from fire.
   rC:        It makes you vulnerable to cold.
   rElec:     It insulates you from electricity.
 I - a +4 ring of protection (right hand)
Wands
 f - a wand of charming (11)
 l - a wand of paralysis (11)
 r - a wand of flame (109)
 y - a wand of iceblast (10)
 z - a wand of polymorph (4)
 F - a wand of acid (16)
 H - a wand of mindburst (4)
Scrolls
 e - 9 scrolls of teleportation
 g - 7 scrolls of enchant armour
 h - a scroll of enchant weapon
 k - 8 scrolls of identify
 v - 3 scrolls of fog
 E - 2 scrolls of magic mapping
Potions
 a - 9 potions of curing
 c - a potion of ambrosia
 i - 3 potions of cancellation
 j - 4 potions of heal wounds
 n - 6 potions of flight
 o - 2 potions of brilliance
 q - 6 potions of berserk rage
 w - a potion of magic
 B - a potion of invisibility
 D - a potion of haste
Miscellaneous
 t - a condenser vane


   Skills:
 + Level 10.1 Fighting
 - Level 6.0 Dodging
 - Level 3.0 Stealth
 + Level 17.0 Spellcasting
 - Level 15.0 Conjurations
 - Level 10.0 Hexes
 - Level 10.0 Translocations
 - Level 6.0 Fire Magic
 + Level 6.9 Air Magic
 - Level 7.0 Invocations
 - Level 3.0 Evocations


You had 16 spell levels left.
You knew the following spells:

 Your Spells              Type           Power      Damage    Failure   Level
a - Magic Dart            Conj           100%       1d8       0%          1
b - Iskenderun's Battles  Conj           88%        2d14      1%          5
c - Iskenderun's Mystic   Conj/Tloc      81%        2d16      1%          4
d - Fulminant Prism       Conj/Hex       40%        3d20      1%          4
e - Orb of Destruction    Conj           44%        9d12      2%          7
f - Fireball              Conj/Fire      37%        3d15      1%          5
g - Conjure Ball Lightni  Conj/Air       38%        3x3d12    2%          6

Your spell library contained the following spells:

 Spells                   Type           Power      Damage    Failure   Level
 Searing Ray              Conj           100%       2d8       0%          2
 Pain                     Necr           100%       1d9       1%          1
 Sting                    Tmut/Pois      100%       1d8       1%          1
 Ensorcelled Hibernation  Hex/Ice        100%       N/A       1%          2
 Poisonous Vapours        Pois/Air       94%        N/A       1%          2
 Dazzling Flash           Conj/Hex       100%       N/A       1%          3
 Portal Projectile        Hex/Tloc       100%       N/A       1%          3
 Anguish                  Hex/Necr       27%        N/A       1%          4
 Sublimation of Blood     Necr           26%        N/A       2%          2
 Wereblood                Tmut           26%        N/A       2%          2
 Summon Lightning Spire   Summ/Air       47%        N/A       3%          4
 Starburst                Conj/Fire      37%        6d11      3%          6
 Ozocubu's Armour         Ice            26%        N/A       4%          3
 Spider Form              Tmut/Pois      26%        N/A       4%          3
 Metabolic Englaciation   Hex/Ice        27%        N/A       5%          5
 Summon Forest            Summ/Tloc      27%        N/A       5%          5
 Olgreb's Toxic Radiance  Pois           26%        N/A       16%         4
 Petrify                  Tmut/Erth      26%        N/A       16%         4
 Agony                    Necr           26%        N/A       41%         5
 Blade Hands              Tmut           13%        N/A       41%         5
 Excruciating Wounds      Necr           13%        N/A       41%         5
 Statue Form              Tmut/Erth      17%        N/A       94%         6
 Monstrous Menagerie      Summ           13%        N/A       100%        7
 Ozocubu's Refrigeration  Ice            13%        4d7       100%        7
 Summon Hydra             Summ           13%        N/A       100%        7
 Borgnjor's Revivificati  Necr           13%        N/A       100%        8
 Necromutation            Tmut/Necr      13%        N/A       100%        8
 Chain Lightning          Conj/Air       38%        3d50      100%        9
 Death's Door             Necr           13%        N/A       100%        9


Dungeon Overview and Level Annotations

Branches:
Dungeon (12/15)            Temple (1/1) D:6            Lair (6/6) D:8
 Shoals (2/4) Lair:3       Spider (0/4) Lair:2        Slime (0/5) Lair:5
    Orc (0/2) D:9         Ossuary (visited)

Altars:
Ashenzari
Cheibriados
Dithmenos
Elyvilon
Fedhas
Gozag
Hepliaklqana
Kikubaaqudgha
Makhleb
Nemelex Xobeh
Okawaru
Qazlal
Ru
Sif Muna
Trog
Uskayaw
Vehumet
Wu Jian
Xom
Yredelemnul
Zin
The Shining One
Beogh

Shops:
D:5 *

Annotations:
D:4 3 runed translucent doors, Minsecho's ghost, novice OpBr
D:5 3 runed translucent doors, Taeram's ghost, novice TrBe
Lair:5 exclusion: 4 oklob plants
Shoals:2 Ilsuiw


Innate Abilities, Weirdness & Mutations

You can breathe bolts of dispelling energy.
Your rich purple scales are hard. (AC +9)
You cannot fit into any form of body armour.
You are cold-blooded and may be slowed by cold attacks.


Message History

* * * LOW HITPOINT WARNING * * *
You carefully extract the barbed spikes from your body.
Your ball lightning explodes!
The blast of lightning engulfs your ball lightning.
Your ball lightning completely resists.
The blast of lightning engulfs the water nymph!!
The water nymph is heavily wounded.
Your ball lightning explodes!
The blast of lightning engulfs the water nymph!!
You kill the water nymph!
Sif Muna accepts your kill.
You hear an angry hiss.
Your Spellcasting skill increases to level 17!
Unknown command.
Unknown command.
Unknown command.
You start resting.
Magic restored.
You start resting.
A sea snake comes into view.
A faun comes into view. It is wielding a +0 spear.
The sea snake bites you!
* * * LOW HITPOINT WARNING * * *
Casting: Conjure Ball Lightning (dangerous; 2% risk of failure)
Confirm with . or Enter, or press ? or * to list all spells.
You erupt in a blast of force!
The mystic blast hits the sea snake!!
The sea snake is heavily wounded.
The sea snake is knocked back by the mystic blast.
The faun shouts!
You hear an angry hiss.
The faun unwields a +0 spear.
The faun wields a +0 hunting sling.
The faun shoots a sling bullet.
You reflect the sling bullet off an invisible shield around you!
The sling bullet hits the faun!
Casting: Iskenderun's Mystic Blast (safe; 1% risk of failure)
Confirm with . or Enter, or press ? or * to list all spells.
You create some ball lightning! 3 ball lightnings come into view.
A wind drake comes into view.
Your ball lightning explodes!
The blast of lightning engulfs you! You resist.
You die...

≈≈≈≈≈≈≈≈≈≈≈≈≈≈.###
≈≈k≈≈≈≈≈≈≈≈≈≈)...#
≈≈≈≈c≈≈≈≈≈≈≈)≈†≈≈.##
≈≈≈≈≈≈≈≈≈≈≈)≈≈≈≈....
≈≈≈≈≈≈≈≈≈≈≈†≈≈≈≈≈≈..≈
≈≈≈≈≈≈≈≈≈*≈≈≈≈≈≈≈≈≈.≈
≈≈≈≈≈...≈≈S≈≈≈≈≈≈≈≈≈≈
≈≈≈≈≈≈#.≈≈≈≈≈≈≈≈≈≈≈≈≈
≈≈≈≈≈≈.*≈@≈≈≈≈≈≈≈≈≈≈≈
≈≈≈≈≈P..≈.≈≈≈≈≈≈≈≈≈≈≈
≈≈≈..P.......≈≈≈≈≈≈≈≈
≈P≈≈#######...$≈≈≈≈≈≈
≈≈≈ #..≈≈≈≈≈≈≈≈ ≈≈
#.>≈≈≈≈≈≈≈≈ ≈
#.≈≈≈≈≈≈≈≈≈≈
##≈≈≈≈≈≈≈≈≈≈
.≈≈≈≈≈≈≈≈≈≈


You could see a sea snake (ally target), a wind drake (repels missiles), a faun
and 2 friendly ball lightnings.

Vanquished Creatures
  Roxanne (Shoals:1)
  A merfolk impaler (Shoals:1)
  A fire dragon (Lair:6)
  The ghost of Lobster4 the Stormcaller, a journeyman TeAE of Vehumet (Lair:3)
  An ogre mage (D:11)
  8 hydras
  7 boulder beetles
  Erica (D:9)
  A merfolk avatar (Shoals:1)
  A catoblepas (Lair:6)
  A centaur warrior (D:11)
  A death knight (D:12)
  3 two-headed ogres
  A merfolk aquamancer (Shoals:1)
  3 death yaks (Lair:5)
  4 sea snakes
  A swamp dragon (Lair:6)
  A deep elf pyromancer (D:11)
  A necromancer (Lair:2)
  Pikel (D:6)
  6 ugly things
  3 manticores
  9 fauns
  A wolf spider (Lair:6)
  An oklob plant (Lair:2)
  7 merfolk sirens
  4 black mambas
  2 cyclopes
  A torpor snail (Lair:6)
  2 water nymphs (Shoals:2)
  3 unseen horrors
  10 cane toads
  5 rime drakes
  A freezing wraith (D:11)
  3 komodo dragons
  3 kobold demonologists
  7 merfolk
  5 trolls
  10 polar bears
  3 wind drakes
  4 blink frogs (Lair:1)
  11 dream sheep
  5 raiju (Lair:6)
  2 water elementals (Shoals:1)
  3 wraiths
  8 basilisks
  A vampire (D:11)
  4 wyverns
  41 yaks
  3 steam dragons
  10 vampire mosquitoes
  Grum (D:9)
  8 wargs
  Edmund (D:4)
  Menkaure (D:4)
  15 water moccasins
  2 acid dragons (Lair:6)
  12 hell hounds (Lair:6)
  2 swamp drakes (Lair:6)
  14 black bears
  2 ice beasts
  9 orc warriors
  2 sky beasts (D:6)
  26 wolves
  10 centaurs
  5 ogres
  5 necrophages
  3 lemures (D:6)
  2 phantoms
  An elf zombie (Ossuary)
  12 kobold brigands
  A cane toad simulacrum (Lair:3)
  13 bullfrogs
  A gnoll sergeant (D:10)
  A jelly (D:4)
  2 wyvern zombies (D:8)
  2 scorpions
  3 killer bees (D:9)
  A lindwurm simulacrum (Lair:3)
  2 vampire bats (Lair:5)
  5 wights
  2 howler monkeys
  3 electric eels
  A bullfrog zombie (D:6)
  A wyvern simulacrum (Lair:3)
  4 centaur zombies
  A komodo dragon simulacrum (Lair:3)
  2 water moccasin simulacra (Lair:3)
  3 hounds
  A human zombie (Ossuary)
  13 orc priests
  Jessica (D:3)
  A centaur skeleton (D:4)
  A gnoll shaman (D:6)
  Ijyb (D:3)
  7 orc wizards
  8 iguanas
  5 hell rats
  2 yak simulacra (Lair:2)
  3 polar bear simulacra (Lair:2)
  2 killer bee zombies (D:7)
  3 wolf simulacra (Lair:2)
  A hound skeleton (D:5)
  3 mummies
  A howler monkey zombie (D:6)
  Robin (D:3)
  9 adders
  11 gnolls
  2 shadow imps (D:9)
  2 white imps
  3 ufetubi
  2 adder skeletons
  5 worms
  A dart slug (D:2)
  36 orcs
  4 endoplasms
  A giant cockroach (D:2)
  9 goblins (D:3)
  10 hobgoblins
  10 jackals
  2 quokkas (D:3)
  4 ball pythons
  9 bats
  2 frilled lizards
  11 hobgoblin zombies (Ossuary)
  A jackal zombie (Ossuary)
  32 kobolds
  8 kobold skeletons (D:9)
  19 kobold zombies
  11 orc zombies (Ossuary)
  6 rats
  3 rat zombies (Ossuary)
  3 river rat simulacra (Lair:2)
669 creatures vanquished.

Vanquished Creatures (collateral kills)
  A ball lightning (D:11)
1 creature vanquished.

Vanquished Creatures (others)
  Sigmund (D:3)
  30 ball lightnings
  A bush (Lair:2)
  156 fulminant prisms
  56 fungi
  116 plants
  2 withered plants (D:8)
362 creatures vanquished.

Grand Total: 1032 creatures vanquished

Notes
Turn   | Place    | Note
-------+----------+-------------------------------------------
     0 | D:1      | pkoi the Draconian Conjurer began the quest for the Orb.
     0 | D:1      | Reached XP level 1. HP: 14/14 MP: 3/3
   730 | D:1      | Reached XP level 2. HP: 20/20 MP: 1/5
  1788 | D:1      | Reached skill level 5 in Conjurations
  1788 | D:1      | Reached XP level 3. HP: 11/26 MP: 0/6
  2072 | D:1      | Learned a level 2 spell: Searing Ray
  2653 | D:2      | Reached XP level 4. HP: 33/33 MP: 4/7
  2818 | D:2      | Learned a level 4 spell: Iskenderun's Mystic Blast
  3211 | D:3      | Found a sparkling altar of Nemelex Xobeh.
  3378 | D:3      | Noticed Robin
  3459 | D:3      | Killed Robin
  3460 | D:3      | Reached skill level 1 in Translocations
  3788 | D:3      | Reached XP level 5. HP: 38/38 MP: 5/8
  3835 | D:3      | Noticed Jessica
  3839 | D:3      | Noticed Sigmund
  3854 | D:3      | Killed Sigmund
  4430 | D:3      | Killed Jessica
  4586 | D:3      | Reached XP level 6. HP: 43/45 MP: 2/10
  4771 | D:3      | Noticed Ijyb
  4787 | D:3      | Killed Ijyb
  5596 | D:4      | Noticed Menkaure
  5625 | D:4      | Killed Menkaure
  5626 | D:4      | Reached skill level 3 in Spellcasting
  5797 | D:4      | Learned a level 4 spell: Fulminant Prism
  5845 | D:4      | Found a runed translucent gate.
  5846 | D:4      | Found a runed translucent gate.
  5846 | D:4      | Found an opulent altar of Gozag.
  5847 | D:4      | Found a runed translucent gate.
  5914 | D:4      | Noticed Minsecho's ghost (novice OpBr)
  5915 | D:4      | Noticed an orc warrior
  6040 | D:4      | Your scales start taking on a rich purple colour.
  6040 | D:4      | Reached XP level 7. HP: 50/50 MP: 2/12
  6135 | D:4      | Reached skill level 4 in Spellcasting
  6135 | D:4      | Reached skill level 1 in Hexes
  6560 | D:4      | Noticed Edmund
  7078 | D:5      | Entered Level 5 of the Dungeon
  7358 | D:5      | Found Zyist's Neck Hole.
  7447 | D:5      | Found a runed translucent gate.
  7456 | D:5      | Found a runed translucent gate.
  7457 | D:5      | Found a runed translucent gate.
  7464 | D:5      | Found a sand-covered staircase.
  7468 | Ossuary  | Entered an ossuary
  7686 | Ossuary  | Reached XP level 8. HP: 57/57 MP: 7/15
  7988 | Ossuary  | Reached skill level 5 in Spellcasting
  8661 | D:5      | Reached skill level 5 in Translocations
  9177 | D:5      | Noticed Taeram's ghost (novice TrBe)
  9588 | D:4      | Killed Edmund
  9925 | D:6      | Reached skill level 6 in Spellcasting
 10252 | D:6      | Found a staircase to the Ecumenical Temple.
 10259 | Temple   | Entered the Ecumenical Temple
 10506 | Temple   | Became a worshipper of Sif Muna the Loreminder
 10562 | D:6      | Reached skill level 5 in Hexes
 10562 | D:6      | Reached XP level 9. HP: 24/62 MP: 7/18
 11124 | D:6      | Noticed Pikel
 11136 | D:6      | Killed Pikel
 12872 | D:7      | Identified the +2 helmet of the Sturgeon {Contam rF+ Dex+4
                  | Stlth+}
 13564 | D:8      | Reached skill level 1 in Invocations
 14874 | D:7      | Reached XP level 10. HP: 52/69 MP: 4/19
 15317 | D:8      | Reached * piety under Sif Muna
 15668 | D:8      | Found the +8 trident of the Octopus King {venom, rElec
                  | rPois}
 16465 | D:8      | Found a staircase to the Lair.
 17007 | D:9      | Reached skill level 10 in Conjurations
 17703 | D:9      | Found a staircase to the Orcish Mines.
 18241 | D:9      | Noticed Erica
 18251 | D:9      | Killed Erica
 18683 | D:9      | Reached ** piety under Sif Muna
 18684 | D:9      | Reached skill level 5 in Invocations
 18974 | D:9      | Noticed an orange demon
 19258 | D:9      | Noticed Grum
 19262 | D:9      | Reached XP level 11. HP: 70/74 MP: 15/20
 19285 | D:9      | Killed Grum
 19724 | D:9      | Reached *** piety under Sif Muna
 20176 | D:9      | Found an ancient bone altar of Kikubaaqudgha.
 20278 | Lair:1   | Entered Level 1 of the Lair of Beasts
 21358 | Lair:1   | Reached skill level 1 in Fighting
 22288 | Lair:2   | Learned a level 7 spell: Orb of Destruction
 22340 | Lair:2   | Noticed a necromancer
 22348 | Lair:2   | Killed a necromancer
 22432 | Lair:2   | Noticed a six-headed hydra
 22439 | Lair:2   | Killed a six-headed hydra
 22902 | Lair:2   | Found a hole to the Spider Nest.
 23311 | Lair:2   | Noticed an oklob plant
 23346 | Lair:2   | Killed an oklob plant
 23865 | Lair:3   | Found a runed translucent gate.
 23865 | Lair:3   | Found a runed translucent gate.
 23865 | Lair:3   | Found a runed translucent gate.
 24067 | Lair:3   | Noticed Lobster4's ghost (journeyman TeAE)
 24155 | Lair:3   | Reached skill level 1 in Evocations
 24377 | Lair:3   | Reached skill level 10 in Hexes
 24551 | Lair:3   | Reached **** piety under Sif Muna
 24552 | Lair:3   | Reached XP level 12. HP: 79/89 MP: 6/21
 24654 | Lair:3   | Learned a level 5 spell: Fireball
 24720 | Lair:3   | Reached skill level 10 in Translocations
 24863 | Lair:3   | Found a staircase to the Shoals.
 25367 | Lair:4   | Noticed a boulder beetle
 25507 | Lair:4   | Reached skill level 1 in Fire Magic
 25741 | Lair:4   | Noticed a five-headed hydra
 25749 | Lair:4   | Killed a five-headed hydra
 26532 | Lair:4   | Killed a boulder beetle
 27169 | Lair:5   | Noticed an eight-headed hydra
 27178 | Lair:5   | Killed an eight-headed hydra
 27491 | Lair:5   | Noticed a seven-headed hydra
 27493 | Lair:5   | Reached skill level 5 in Dodging
 27837 | Lair:5   | Killed a seven-headed hydra
 28070 | Lair:5   | Reached skill level 7 in Spellcasting
 28416 | Lair:5   | Noticed a death yak
 28417 | Lair:5   | Noticed a death yak
 28423 | Lair:5   | Noticed a death yak
 28426 | Lair:5   | Killed a death yak
 28430 | Lair:5   | Killed a death yak
 28724 | Lair:5   | Noticed a four-headed hydra
 28736 | Lair:4   | Killed a four-headed hydra
 29313 | Lair:4   | Learned a level 5 spell: Iskenderun's Battlesphere
 29649 | Lair:3   | Killed Lobster4's ghost
 29650 | Lair:3   | Reached skill level 5 in Fire Magic
 29980 | Lair:3   | Got the ring of Accord {Fire rElec Int+4}
 30008 | Lair:3   | Reached skill level 8 in Spellcasting
 30008 | Lair:3   | Reached XP level 13. HP: 94/94 MP: 16/25
 31278 | Lair:5   | Found a staircase to the Slime Pits.
 31307 | Lair:6   | Entered Level 6 of the Lair of Beasts
 31366 | Lair:6   | Reached skill level 9 in Spellcasting
 32803 | Lair:6   | Reached skill level 10 in Spellcasting
 33605 | Lair:6   | Identified the +9 storm dragon scales "Jaaff" {rElec Dex+4
                  | Slay+2}
 33738 | Lair:6   | Reached skill level 11 in Spellcasting
 34127 | Lair:6   | Reached ***** piety under Sif Muna
 34458 | Lair:6   | Received a gift from Sif Muna
 34459 | Lair:6   | Got Sif Muna's Catalogue of Creative Attacks {god gift}
 34953 | Lair:6   | Reached skill level 12 in Spellcasting
 35625 | Lair:6   | Reached skill level 13 in Spellcasting
 36598 | Lair:6   | Reached XP level 14. HP: 95/102 MP: 21/31
 36889 | Lair:6   | Reached skill level 14 in Spellcasting
 36943 | Lair:6   | Learned a level 6 spell: Conjure Ball Lightning
 37117 | D:10     | Entered Level 10 of the Dungeon
 37331 | D:10     | Reached skill level 1 in Air Magic
 37431 | D:10     | Identified a scroll of acquirement
 37431 | D:10     | Acquired the +1 pair of gloves of Voracious Satisfaction
                  | {rPois Stlth+}
 37633 | D:10     | Identified the +8 hunting sling of the Pits of Slime
                  | {speed, rF++ rC-}
 37937 | D:11     | Found a bloodstained altar of Trog.
 38425 | D:11     | Identified the +3 falchion "Etegokk" {vorpal, rElec rPois
                  | rC- Str+4}
 38635 | D:11     | Identified the +7 long sword "Xocvej Xeott" {holy, Str+2}
 38635 | D:11     | Identified the +3 short sword "Ymifyseg" {freeze, Will+}
 38792 | D:11     | Identified the +10 great sword of Kubol {drain, Contam
                  | *Noise rC+++ Dex+8}
 39028 | D:11     | Reached skill level 15 in Conjurations
 39089 | D:11     | Found a white marble altar of Elyvilon.
 39118 | D:11     | Reached skill level 15 in Spellcasting
 39363 | D:11     | Found a shimmering altar of Xom.
 39364 | D:11     | Found a burning altar of Makhleb.
 39364 | D:11     | Found a shimmering blue altar of Sif Muna.
 39929 | D:11     | Reached skill level 5 in Fighting
 40879 | D:12     | Received a gift from Sif Muna
 41451 | D:12     | Reached skill level 16 in Spellcasting
 41451 | D:12     | Reached skill level 5 in Air Magic
 42322 | Shoals:1 | Entered Level 1 of the Shoals
 42767 | Shoals:1 | Noticed Roxanne
 42782 | Shoals:1 | Killed Roxanne
 43162 | Shoals:1 | Received a gift from Sif Muna
 43576 | Shoals:1 | Reached XP level 15. HP: 49/124 MP: 21/35
 44601 | Shoals:2 | Noticed Ilsuiw
 44670 | Shoals:2 | Reached skill level 10 in Fighting
 44674 | Shoals:2 | Reached skill level 17 in Spellcasting
 44685 | Shoals:2 | HP: 5/126 [sea snake (9)]
 44688 | Shoals:2 | Killed by an exploding ball lightning

Illustrated notes

Levels and vault maps discovered:
D:1:      dpeg_arrival_pits, layout_loops_ring, grunt_decor_mini_mirrors
D:2:      layout_basic, nicolae_elevator_lobby_asterisk
D:3:      layout_basic, mainiacjoe_overflow_alcove_1,
          kennysheep_decorative_pillar, kennysheep_big_empty_room, uniq_ijyb,
          uniq_robin, uniq_sigmund, uniq_jessica
D:4:      layout_gridville, ebering_ghost_gozag, dk_vineyard_1, uniq_edmund,
          uniq_menkaure
D:5:      layout_gridville, enter_ossuary_5, gammafunk_ghost_nasty_kobolds,
          nicolae_shop_sticking_my_neck_out
D:6:      layout_basic, minmay_temple_entry_junction_2, serial_co_window_serial,
          co_window_of_opportunity_a, co_window_paths_b, co_window_paths_b,
          co_window_of_opportunity_a, co_window_corner_a, co_window_paths_a,
          co_window_paths_a, co_window_paths_a, co_window_paths_b,
          co_window_broadway_c, co_window_unsneaky_path_b, co_window_corner_ca,
          co_window_unsneaky_path_c, glass_columns_b, glass_columns_b,
          uniq_pikel
D:7:      layout_layer_cave
D:8:      layout_basic, erik_lair_orcish_takeover, serial_undead,
          serial_undead_d, serial_undead_f, serial_undead_e, serial_undead_d,
          serial_undead_e, serial_undead_e, serial_undead_c, serial_undead_c
D:9:      wander_kiku_kobolds, layout_basic, david_orc_3, uniq_erica, uniq_grum
D:10:     layout_cave_pools
D:11:     minmay_the_grid_octo_tiled_squarecenter_mashed
          [minmay_the_grid_octo_checkerflower, minmay_the_grid_octo_shrine,
          minmay_the_grid_octo_tetromino_candy, minmay_the_grid_octo_empty,
          minmay_the_grid_square_5x5_megaprize_crossed,
          minmay_the_grid_square_5x5_gyroscope,
          minmay_the_grid_square_5x5_dogpile, minmay_the_grid_square_5x5_meh,
          minmay_the_grid_square_5x5_percent], layout_basic, trog_antimagical
D:12:     layout_roguey, special_room [special_room_orc]
Temple:   nicolae_temple_the_god_donut
Lair:1:   layout_misc_corridors, beast_lair_carwin_11
Lair:2:   layout_loops_ring, dummy_spider_entry, minmay_lair_oklob_items,
          st_stairs_11, minmay_hedge_maze, eino_house_with_fridge
Lair:3:   layout_roguey, minmay_shoals_entry_lonely_mermaid,
          gammafunk_ghost_icy, fungi_pond_lemuel
Lair:4:   layout_gridlike, lemuel_another_geyser
Lair:5:   layout_regular_city, minmay_slime_entry_oklob_enclosed,
          serial_bayou_pond_b, st_stairs_6, roderic_batcave,
          amcnicky_mini_pool_medium
Lair:6:   guppyfry_lair_end_dragon, layout_regular_city,
          hangedman_lair_caniforms_friends, lemuel_fruit_fields,
          grunt_megastairs_3, infiniplex_staircase_pool
Shoals:1: layout_shoals, uniq_roxanne
Shoals:2: layout_shoals, uniq_ilsuiw

Skill      XL: |  1  2  3  4  5  6  7  8  9 10 11 12 13 14 15 |
---------------+----------------------------------------------+-----
Conjurations   | 5 6 7 8 9 10 11 12 14 15 | 15.0
Translocations | 1 2 3 4 5 7 8 9 10 | 10.0
Spellcasting   | 3 4 6 8 13 16 17 | 17.0
Hexes          | 2 5 7 8 10 | 10.0
Invocations    | 2 5 6 7 |  7.0
Dodging        | 3 6 |  6.0
Fighting       | 3 9 10 | 10.1
Evocations     | 1 3 |  3.0
Fire Magic     | 5 6 |  6.0
Stealth        | 3 |  3.0
Air Magic      | 6 |  6.9

Action                   |  1- 3 |  4- 6 |  7- 9 | 10-12 | 13-15 || total
-------------------------+-------+-------+-------+-------+-------++-------
Melee: Whip              |    34 |    10 |       |       |       ||    44
       Tailslap          |     3 |     2 |    11 |     4 |     5 ||    25
       Unarmed           |     1 |       |       |       |       ||     1
       Club              |       |    11 |    49 |       |       ||    60
       Punch             |       |       |     1 |     1 |       ||     2
       Trident           |       |       |       |    67 |    19 ||    86
       Staff             |       |       |       |       |     3 ||     3
 Cast: Magic Dart        |    64 |    86 |   161 |   225 |   292 ||   828
       Searing Ray       |       |    10 |    45 |    18 |       ||    73
       Iskenderun's Myst |       |       |    25 |   125 |   134 ||   284
       Fulminant Prism   |       |       |    12 |    69 |    75 ||   156
       Iskenderun's Batt |       |       |       |     8 |    78 ||    86
       Conjure Ball Ligh |       |       |       |       |    13 ||    13
       Orb of Destructio |       |       |       |       |    12 ||    12
       Fireball          |       |       |       |       |     4 ||     4
Invok: Channel Magic     |       |       |       |     2 |     5 ||     7
 Abil: Breathe Dispellin |       |       |       |     1 |       ||     1
Evoke: Wand              |       |       |       |     1 |       ||     1
  Use: Scroll            |       |     6 |     8 |     5 |     3 ||    22
       Potion            |       |       |       |     4 |     1 ||     5
 Stab: Distracted        |       |       |     1 |       |       ||     1
       Paralysed         |       |       |       |     4 |       ||     4
Armor: Skin              |    14 |    22 |    67 |    63 |    92 ||   258
Dodge: Dodged            |    41 |    29 |   104 |   141 |   122 ||   437
Block: Other             |       |       |       |     9 |    52 ||    61
       Reflection        |       |       |       |       |    11 ||    11
